Map: Dusk Towers

Players

Gemallica

  • Race: Zerg Zerg
  • League: Gold

capac - Winner!

  • Race: Terran Terran
  • League: Gold

VOD

Have the link to the VOD?

Description

Time

  • Played on: April 26, 2016, 4:32 p.m.
  • Length: 24:28
Show
View Real Time Build Order
Export as new Build Order

Gemallica Zerg 

Build Orders: Hatch First 

Get SALT Encoding   

  12  0:01  Drone  
  13  0:12  Overlord  
  13  0:17  Drone  
  14  0:30  Drone x2  
  14  0:34  Drone  
  17  0:53  Hatchery  
  16  0:59  Drone  
  16  1:02  Extractor  
  16  1:15  Spawning Pool  
  16  1:17  Drone  
  16  1:19  Drone  
  16  1:22  Drone  
  18  1:30  Drone  
  19  1:40  Drone  
  20  1:51  Overlord  
  20  2:03  Drone  
  20  2:04  Queen  
  20  2:07  Queen  
  25  2:16  Roach Warren, Drone  
  25  2:23  Drone x2  
  25  2:26  Drone  
  28  2:35  Extractor, Drone x2  
  29  2:40  Drone  
  29  3:11  Roach  
  29  3:12  Roach x2  
  35  3:17  Drone  
  35  3:18  Overlord x2  
  36  3:36  Hatchery  
  36  3:38  Ravager x3  
  38  3:41  Roach  
  40  3:50  Drone x9  
  49  4:02  Overlord  
  49  4:07  Lair  
  49  4:12  Extractor  
  49  4:14  Extractor, Drone x2  
  43  4:45  Zergling x2  
  44  4:46  Evolution Chamber  
  44  4:50  Evolution Chamber  
  40  5:02  Drone  
  40  5:03  Drone x10  
  51  5:18  Drone x3  
  51  5:19  Spire  
  53  5:31  Extractor  
  53  5:33  Extractor  
  53  5:34  Queen  
  53  5:38  Zerg Missile Weapons Level 1, Zerg Ground Armor Level 1  
  53  5:39  Hatchery  
  52  5:45  Drone x5  
  52  5:48  Overlord x2  
  57  5:56  Drone x2  
  57  5:57  Drone  
  60  5:58  Drone  
  61  6:04  Drone x2  
  63  6:16  Drone x5  
  63  6:17  Drone x2  
  70  6:19  Overlord x2  
  70  6:22  Drone  
  70  6:24  Drone  
  72  6:30  Queen  
  74  6:38  Mutalisk x2, Roach  
  74  6:39  Roach  
  82  6:54  Drone x6  
  84  6:55  Overlord x2  
  88  7:06  Hydralisk Den  
  87  7:12  Mutalisk x2  
  87  7:13  Mutalisk x2  
  95  7:15  Drone  
  95  7:16  Drone x6  
  95  7:17  Drone x5  
  95  7:22  Roach  
  108  7:40  Overlord x2  
  108  7:41  Overlord x2, Extractor  
  108  7:43  Overseer  
  107  7:46  Extractor  
  107  7:48  Hydralisk x2  
  107  7:49  Roach x4  
  118  7:51  Overlord x2  
  118  7:53  Zerg Flyer Weapons Level 1  
  118  7:55  Zerg Missile Weapons Level 2, Zerg Ground Armor Level 2  
  118  8:02  Infestation Pit  
  117  8:06  Spine Crawler  
  117  8:11  Spore Crawler  
  117  8:12  Spine Crawler  
  114  8:14  Lurker Den  
  114  8:17  Overlord x2  
  114  8:18  Overlord  
  114  8:21  Hydralisk x3  
  114  8:22  Corruptor x2, Roach x2, Mutalisk x2  
  114  8:24  Mutalisk  
  114  8:26  Zergling x4  
  136  8:38  Hydralisk  
  136  8:39  Hydralisk x2, Roach x3  
  136  8:40  Roach x3  
  154  9:15  Hatchery  
  153  9:24  Hydralisk x3  
  153  9:25  Hydralisk x4, Roach x5  
  153  9:26  Roach x2  
  153  9:27  Overlord x2  
  153  9:28  Overlord  
  181  9:43  Roach  
  181  9:44  Spine Crawler  
  182  9:46  Overlord x2  
  182  9:47  Spine Crawler  
  182  9:48  Hydralisk x4, Roach x2  
  182  9:49  Roach x3  
  182  9:50  Zergling x2  
  200  10:20  Extractor  
  199  10:25  Extractor  
  186  10:32  Roach, Hydralisk  
  186  10:33  Roach x7, Hydralisk x2  
  186  10:34  Roach x7, Hydralisk  
  186  10:35  Roach x7  
  192  10:37  Roach  
  192  10:38  Roach x4  
  192  10:42  Roach  
  192  10:43  Mutalisk x2, Roach  
  196  10:52  Metabolic Boost  
  196  10:57  Roach  
  198  11:05  Drone  
  175  11:53  Mutalisk x2  
  175  11:54  Mutalisk x6  
  149  11:55  Mutalisk x3  
  159  12:03  Roach x3  
  159  12:04  Roach x3  
  113  12:30  Corruptor x2  
  113  12:31  Corruptor x2  
  113  12:32  Roach x2  
  123  12:39  Drone x6  
  123  12:40  Drone x5  
  134  12:56  Hydralisk x3  
  134  12:57  Roach x2  
  144  13:00  Hydralisk x3  
  144  13:01  Roach x5  
  160  13:19  Hatchery  
  159  13:20  Drone x3  
  159  13:21  Drone x3  
  159  13:24  Extractor  
  164  13:28  Hive, Hatchery  
  164  13:30  Zerg Melee Weapons Level 1  
  164  13:31  Extractor, Muscular Augments  
  162  13:35  Roach x6  
  156  13:59  Hydralisk, Roach  
  156  14:00  Hydralisk x5, Roach x6  
  156  14:01  Roach x6  
  162  14:11  Corruptor x3  
  166  14:19  Hydralisk x2  
  166  14:20  Hydralisk x2  
  174  14:43  Viper x2  
  180  14:49  Zerg Missile Weapons Level 3  
  180  14:51  Hydralisk x3  
  180  14:52  Roach  
  188  15:10  Drone x6  
  188  15:11  Overlord x2  
  194  15:14  Roach  
  194  15:15  Roach x2  
  200  15:22  Ultralisk Cavern  
  193  15:45  Roach x2  
  193  15:46  Roach x7  
  193  15:47  Roach x6  
  159  15:52  Roach  
  159  15:54  Hydralisk  
  159  15:55  Hydralisk x3, Roach x3  
  159  15:56  Roach x2  
  155  16:07  Hydralisk x2  
  155  16:08  Hydralisk, Roach x4  
  161  16:22  Hydralisk x2  
  161  16:23  Hydralisk, Roach x3  
  144  16:49  Hydralisk x2, Roach x2  
  144  16:50  Ultralisk x3, Roach x2  
  144  16:51  Ultralisk x3  
  195  17:03  Hatchery  
  182  17:23  Ultralisk x2, Roach x2  
  182  17:24  Roach  
  184  17:50  Roach x2  
  184  17:51  Ultralisk x2, Roach x7, Mutalisk  
  160  17:52  Roach  
  160  17:53  Zergling x8  
  160  17:54  Zergling x4  
  134  18:03  Zergling x2  
  135  18:16  Mutalisk x2, Roach x2  
  135  18:17  Roach x2  
  123  18:28  Hydralisk  
  123  18:29  Roach x2  
  123  18:37  Hydralisk  
  123  18:38  Roach  
  92  18:56  Roach x4  
  92  18:57  Roach  
  84  19:27  Drone  
  84  19:28  Drone x6  
  91  19:31  Drone x2  
  93  19:49  Extractor  
  93  19:51  Extractor  
  88  19:57  Hydralisk  
  87  20:01  Roach x3  
  84  20:34  Nydus Network  
  85  21:04  Roach x3  
  86  21:21  Nydus Canal  
Show
View Real Time Build Order
Export as new Build Order

capac Terran - Winner!

Build Orders: Reaper Expand, MMM Bio 

Get SALT Encoding   

  12  0:01  SCV  
  13  0:13  SCV  
  14  0:18  Supply Depot  
  14  0:25  SCV  
  15  0:39  SCV  
  15  0:41  Barracks  
  16  0:46  Refinery  
  16  0:53  SCV  
  17  1:05  SCV  
  18  1:17  SCV  
  19  1:29  Orbital Command  
  19  1:31  Reaper  
  20  1:42  Command Center  
  20  1:50  Supply Depot  
  20  1:57  SCV  
  21  2:08  Marine  
  21  2:10  Factory  
  22  2:18  Barracks  
  22  2:21  SCV  
  23  2:24  Refinery  
  23  2:36  Barracks Reactor  
  23  2:46  SCV  
  24  2:57  Orbital Command  
  24  2:58  SCV  
  24  2:59  Factory Tech Lab  
  24  3:06  Barracks  
  24  3:10  Barracks Tech Lab  
  24  3:13  SCV  
  25  3:24  Engineering Bay, Siege Tank  
  25  3:25  SCV  
  29  3:28  Marine x2  
  29  3:29  Marine  
  32  3:34  Stimpack  
  32  3:38  Refinery  
  32  3:39  SCV  
  33  3:41  SCV  
  34  3:57  Widow Mine  
  36  4:03  SCV x2  
  36  4:07  Barracks Reactor  
  36  4:09  Terran Infantry Weapons Level 1  
  38  4:14  Barracks  
  38  4:20  SCV  
  38  4:21  Barracks, SCV  
  36  4:41  Siege Tank  
  36  4:44  Marine x4  
  36  4:45  Marine  
  44  4:51  SCV x2  
  46  5:08  Starport  
  46  5:11  Barracks Reactor  
  46  5:12  Supply Depot  
  46  5:26  Barracks Reactor  
  46  5:34  Marine x3, SCV x2  
  46  5:35  Supply Depot  
  51  5:37  Supply Depot  
  51  5:38  Combat Shields  
  51  5:46  Starport Reactor, SCV x2  
  51  5:48  Marine  
  54  5:56  Marine x3  
  57  6:04  Marine x4  
  57  6:05  Marine  
  57  6:06  SCV x2  
  64  6:11  Command Center  
  64  6:19  Marine  
  64  6:22  SCV x2  
  68  6:26  Refinery  
  68  6:27  Marine  
  68  6:32  Medivac  
  70  6:37  Supply Depot  
  70  6:38  Medivac  
  72  6:42  Supply Depot  
  72  6:44  Siege Tank  
  72  6:46  Marine x3  
  78  6:58  Marine x2, SCV x2  
  82  7:02  Supply Depot, Medivac  
  82  7:05  Supply Depot  
  82  7:07  Medivac  
  86  7:22  SCV x2  
  88  7:24  Marine x4  
  88  7:25  Marine x3  
  88  7:26  Marine  
  96  7:33  Siege Tank  
  96  7:34  SCV  
  100  7:37  SCV  
  101  7:44  Engineering Bay  
  101  7:45  Terran Infantry Armor Level 1  
  101  7:46  SCV  
  101  7:47  Supply Depot x2  
  102  7:54  Medivac  
  102  7:55  Medivac  
  106  8:08  Starport  
  106  8:10  Orbital Command  
  106  8:20  SCV x2  
  108  8:27  Supply Depot  
  108  8:28  Medivac x2  
  108  8:30  Marine x4, Siege Tank  
  108  8:31  Marine  
  108  8:32  SCV  
  121  8:38  SCV  
  121  8:39  SCV  
  123  8:45  Starport Reactor, SCV  
  124  8:49  Armory  
  124  8:51  Supply Depot  
  124  8:54  Starport  
  124  8:56  SCV  
  124  8:57  SCV  
  124  9:01  Command Center  
  126  9:34  Liberator  
  126  9:35  Liberator x3  
  126  9:36  Marine x6  
  126  9:37  Marauder, Marine x2  
  136  9:41  Starport Reactor  
  136  9:45  Supply Depot x2  
  136  9:46  Terran Ship Weapons Level 1  
  136  9:49  Barracks  
  148  10:03  Marine x6  
  148  10:04  Marauder, Marine  
  148  10:05  Supply Depot  
  157  10:31  Liberator x4  
  117  10:55  Refinery  
  116  10:59  Medivac x2  
  114  11:12  Liberator x2  
  114  11:20  Barracks Tech Lab  
  114  11:25  Marine x6  
  117  11:26  Marine x3  
  127  11:41  Liberator x3  
  127  11:42  Marine  
  127  11:43  Marine x6  
  127  11:44  Marine x2  
  113  12:00  Marine x2  
  113  12:01  Marine  
  97  12:21  Marine  
  97  12:22  Marine x9  
  107  12:39  Marine x5  
  107  12:40  Marine x5  
  117  12:49  Orbital Command  
  117  12:57  Marine x5  
  122  13:02  Marauder x2, Marine x2  
  122  13:03  Marine  
  129  13:14  Marine  
  129  13:15  Marine x2  
  132  13:23  Marauder x2  
  136  13:27  Planetary Fortress  
  136  13:41  SCV  
  136  13:42  SCV  
  138  13:54  SCV x2  
  131  14:15  Siege Tank  
  134  14:18  Marauder x2  
  134  14:21  Marine x8  
  146  14:38  Marine  
  146  14:39  Marine x7  
  146  14:40  Marauder x2  
  158  14:56  Marine, Medivac x3  
  158  14:57  Marine  
  166  15:01  Marauder x2  
  170  15:09  Refinery  
  170  15:10  Refinery  
  170  15:12  SCV x2  
  172  15:22  Marauder  
  172  15:23  Marauder  
  170  15:43  Liberator x2  
  170  15:44  Liberator x4  
  150  16:03  Marine x6  
  178  16:04  Marauder x2, Marine  
  178  16:05  Marine  
  179  16:20  Marine  
  179  16:21  Marine  
  181  16:35  Marine  
  181  16:36  Marauder  
  181  17:27  Marine  
  185  17:30  Marauder x2  
  185  17:51  Marauder, Liberator x5  
  128  18:35  Marine x10  
  134  18:52  Marine  
  134  18:53  Marine x9  
  141  19:10  Marine  
  141  19:11  Marine x9  
  151  19:28  Marine x3  
  151  19:29  Marine x7  
  161  19:46  Marine x3  
  161  19:47  Marine x7  
  171  20:04  Marine x3  
  171  20:05  Marine x7  
  181  20:21  Marine  
  181  20:22  Marine x7  
  181  20:23  Marine x2  
  191  20:40  Marine x2  
  193  20:43  SCV x3  
  193  20:45  Command Center  
  196  20:55  SCV  
  197  21:30  SCV  
  196  21:32  SCV  
  154  23:05  Marine x4  
  155  23:22  Marine x2  
  155  23:23  Marine x2  
  152  23:40  Marine x4  
  154  23:52  SCV x2  
  156  23:58  Marine x3  
  159  24:04  SCV  
Tags
 
Add a new tag
Caveats
  • Supply blocks, unpowered buildings, or Contaminate may cause inaccurate times.
  • Supply counts are checked every 10 seconds.